AoeStats
← psonic

Arena

507857830Analyzed
2v2 RM · 11d ago on Sep 20, 2026· 44m 52s· 4 players
Game mode
Random Map
Map size
Medium (4 player)
Population
200
Speed
Normal
Resources
Standard
Victory
Conquest
Starting age
Dark Age
Ending age
Imperial Age
RankedLock teamsTeams togetherTeam positionsShared explorationLock speedFull tech treeHidden civsTurbo modeCheats
Victory
Defeat
🇩🇪 Persians · Germany
1263
+19
🇩🇪 Mongols · Germany
1255
+19
🇺🇸 Armenians · United States
1339
-19
🇦🇿 Wei · Azerbaijan
1324
-19
psonic
7:43 Feudal Age
8:11 Double-Bit Axe
15:10 Castle Age
13:02 Horse Collar
16:13 Bow Saw
22:23 Wheelbarrow
24:06 Hand Cart
24:29 Loom
24:50 Town Watch
25:32 Stone Mining
25:33 Gold Mining
25:54 Fletching
27:09 Bodkin Arrow
30:56 Imperial Age
28:51 Heavy Plow
28:54 Padded Archer Armor
29:40 Scale Barding Armor
29:54 Leather Archer Armor
29:48 Scale Barding Armor
30:49 Town Patrol
31:01 Bloodlines
30:51 Husbandry
31:37 Gold Shaft Mining
31:25 Ballistics
31:17 Masonry
32:38 Chemistry
32:04 Conscription
32:16 Thumb Ring
32:36 Parthian Tactics
32:37 Elite Mangudai
32:54 Light Cavalry
33:21 Capped Ram
34:18 Hussar
35:01 Bracer
35:13 Forging
40:45 Chain Barding Armor
41:01 Iron Casting
42:46 Hoardings
42:38 Murder Holes
43:28 Siege Ram
44:31 Cavalier
44:31 Heavy Camel Rider
46:15 Blast Furnace
Lsk.
9:57 Feudal Age
14:12 Castle Age
12:19 Double-Bit Axe
12:54 Horse Collar
15:15 Bow Saw
15:54 Loom
20:02 Husbandry
21:01 Heavy Plow
26:02 Wheelbarrow
25:15 Town Watch
26:20 Bloodlines
25:39 Pikeman
26:19 Squires
26:24 Gold Mining
29:46 Hand Cart
32:54 Imperial Age
31:22 Forging
31:30 Scale Barding Armor
32:44 Iron Casting
32:32 Cavalier
33:08 Fletching
34:19 Chain Barding Armor
33:53 Halberdier
34:35 Scale Mail Armor
34:25 Savar
37:32 Chain Mail Armor
40:11 Blast Furnace
41:18 Plate Barding Armor
40:38 Fletching
43:38 Kamandaran
44:11 Plate Mail Armor
43:44 Bodkin Arrow
farhasha
9:46 Feudal Age
10:14 Double-Bit Axe
10:09 Horse Collar
11:17 Gold Mining
11:17 Stone Mining
18:07 Castle Age
17:26 Loom
19:02 Bow Saw
18:54 Heavy Plow
19:32 Gold Shaft Mining
29:36 Imperial Age
27:58 Bloodlines
28:01 Scale Barding Armor
28:06 Forging
28:09 Husbandry
29:13 Wheelbarrow
28:53 Town Watch
30:14 Heavy Hei Guang Cavalry
32:08 Chain Barding Armor
32:23 Iron Casting
33:51 Ming Guang Armor
34:36 Thumb Ring
34:26 Fletching
37:30 Bodkin Arrow
39:51 Blast Furnace
38:51 Bracer
40:38 Pikeman
41:22 Padded Archer Armor
41:48 Scale Mail Armor
42:32 Halberdier
45:21 Chain Mail Armor
pancomido3
12:42 Feudal Age
14:20 Double-Bit Axe
16:36 Castle Age
14:47 Horse Collar
15:24 Town Watch
16:47 Wheelbarrow
18:08 Bow Saw
17:59 Heavy Plow
24:24 Gold Mining
28:50 Imperial Age
27:16 Town Patrol
27:27 Stone Mining
27:41 Fletching
28:32 Gold Shaft Mining
28:32 Bodkin Arrow
29:16 Padded Archer Armor
30:31 Bracer
30:59 Ballistics
31:40 Chemistry
31:21 Hand Cart
30:39 Elite Skirmisher
31:55 Leather Archer Armor
31:55 Loom
33:33 Ring Archer Armor
33:00 Elite Composite Bowman
34:40 Conscription
35:46 Scale Barding Armor
35:51 Forging
35:45 Light Cavalry
37:50 Bloodlines
38:30 Chain Barding Armor
38:47 Husbandry
Connection lost

Rejoining the realm…

Still unreachable

The connection could not be restored.

Session expired

The server has moved on; the page needs a fresh start.